 Dungeon Crawl Stone Soup version 0.27-a0-1119-gbf574a6a6b (webtiles) character file.

Game seed: 11901096812082851905

5 Zeld the Shield-Bearer (level 1, 0/16 HPs)
             Began as an Octopode Fighter on May 2, 2021.
             Slain by a ball python (2 damage)
             ... on level 1 of the Dungeon.
             The game lasted 00:00:41 (159 turns).

Zeld the Shield-Bearer (Octopode Fighter)            Turns: 159, Time: 00:00:42

Health: 0/16       AC:  1    Str: 15    XL:     1   Next: 80%
Magic:  1/1        EV: 11    Int: 10    God:
Gold:   0          SH:  8    Dex: 11    Spells: 0/0 levels left

rFire    . . .     SeeInvis .   a - +0 war axe
rCold    . . .     Faith    .   b - +0 kite shield
rNeg     . . .     Spirit   .   (helmet restricted)
rPois    .         Reflect  .   (no amulet)
rElec    .         Harm     .   (no ring)
rCorr    .         Rampage  .   (no ring)
Will     .....                  (no ring)
Stlth    ++........             (no ring)
HPRegen  0.05/turn              (no ring)
MPRegen  0.07/turn              (no ring)
                                (no ring)
                                (no ring)

@: no status effects
A: almost no armour, amphibious, 8 rings, camouflage 1, gelatinous body 1,
(nimble swimmer 1), tentacles
a: no special abilities


You were on level 1 of the Dungeon.
You visited 1 branch of the dungeon, and saw 1 of its levels.

Inventory:

Hand Weapons
 a - a +0 war axe (weapon)
Armour
 b - a +0 kite shield (worn)
Potions
 c - a potion of might


   Skills:
 * Level 3.1 Fighting
 * Level 2.1 Axes
 - Level 3.0 Dodging
 * Level 3.1 Shields


You couldn't memorise any spells.
You didn't know any spells.
Your spell library was empty.

Dungeon Overview and Level Annotations

Branches:
Dungeon (1/15)

Altars:


Innate Abilities, Weirdness & Mutations

You cannot wear most types of armour.
You are amphibious.
You can wear up to eight rings at the same time.
Your skin changes colour to match your surroundings (Stealth+).
Your rubbery body absorbs attacks. (AC +1, EV +1)
((You are camouflaged near water. (Stealth+)))
You have tentacles for arms and can constrict up to eight enemies at once.


Message History

The slug dart hits you.
The helpless quokka fails to defend itself.
You hit the quokka but do no damage. You grab the quokka.
You constrict the quokka. The quokka bites you. You block the quokka's attack.
You slash the quokka!
You kill the quokka!
The dart slug launches a dart at you. The slug dart hits you.
You are too injured to fight recklessly!
You are too injured to fight recklessly!
You are too injured to fight recklessly!
You hit the dart slug but do no damage. Your grab misses the dart slug.
The dart slug misses you.
You are too injured to fight recklessly!
You hit the dart slug. You grab the dart slug.
The dart slug is severely wounded.
You constrict the dart slug.
You kill the dart slug!
You see here a dart slug corpse.
A frilled lizard comes into view.
Found a short sword and 10 arrows.
You are too injured to fight recklessly!
You are too injured to fight recklessly!
A kobold comes into view. It is wielding a +0 short sword.
A ball python comes into view.
Found a scroll labelled WAK LETHIKYNT.
The frilled lizard hisses angrily.
The ball python hisses angrily.
The kobold shouts!
You block the kobold's attack.
You closely miss the kobold. You grab the kobold. You constrict the kobold.
The kobold barely misses you. You block the kobold's attack.
You hit the kobold but do no damage.
The kobold is moderately wounded.
You hit the frilled lizard but do no damage.
You constrict the kobold, but do no damage.
The frilled lizard bites you. You block the kobold's attack.
The frilled lizard bites you.
* * * LOW HITPOINT WARNING * * *
The ball python bites you.
You die...

#. #..#......##'''''
...##.#.#..#....†....
#...............#....
#..##.#.#.####..####.
#. #.†...# #..# .
.###.. #.#.### #..# .
......##.#†# #..# .
......S.K#.######..#
#@...........#
......l.............
.?.).....#########
...(.##### #####


You could see a ball python, a kobold and a frilled lizard.

Vanquished Creatures
  A dart slug (D:1)
  A hobgoblin (D:1)
  A quokka (D:1)
3 creatures vanquished.

Notes
Turn   | Place    | Note
-------+----------+-------------------------------------------
     0 | D:1      | Zeld the Octopode Fighter began the quest for the Orb.
     0 | D:1      | Reached XP level 1. HP: 16/16 MP: 1/1
   159 | D:1      | Slain by a ball python

Illustrated notes

Levels and vault maps discovered:
D:1:      lordsloth_arrival_two_stooges, layout_loops_ring,
          shapermc_ecumenical_altar_mp_vishouse, serial_glass, glass_columns_b,
          glass_columns_a, skrybe_limestone_x

Action                   || total
-------------------------++-------
Melee: War axe           ||    11
       Constrict         ||     3
 Stab: Sleeping          ||     1
Dodge: Dodged            ||     4
Block: Kite shield       ||     7

Table legend: (Time is in decaauts)
 A = Elapsed time spent in this place.
 B = Non-inter-level travel time spent in this place.
 C = Inter-level travel time spent in this place.
 D = Time resting spent in this place.
 E = Time spent auto-exploring this place.
 F = Levels seen in this place.
 G = Mean time per level.
                   A        B        C        D        E       F      G
               +--------+--------+--------+--------+--------+-----+--------+
         Total |    165 |    165 |      0 |      0 |    123 |   1 |  165.0 |
       Dungeon |    165 |    165 |      0 |      0 |    123 |   1 |  165.0 |
               +--------+--------+--------+--------+--------+-----+--------+

Top non-repeatable levels by time:
     D:1: 165 daAuts
